 Dungeon Crawl Stone Soup version 0.31-a0-240-gb923e448b6 (webtiles) character file.

Game seed: 10245700814246689933

137 Nattfarinn the Changeling (level 5, -5/50 HPs)
             Began as a Troll Shapeshifter on July 12, 2023.
             Slain by a gnoll
             ... wielding a +0 flail
             ... led by a gnoll bouda
              (11 damage)
             ... on level 4 of the Dungeon.
             The game lasted 00:02:31 (2168 turns).

Nattfarinn the Changeling (Troll Shapeshifter)      Turns: 2168, Time: 00:02:31

Health: -5/50      AC:  4    Str: 25    XL:     5   Next: 0%
Magic:  4/4        EV:  9    Int:  4    God:
Gold:   131        SH:  0    Dex: 10    Spells: 4/4 levels left

rFire   . .          .
                       - Unarmed
rCold   . . .        (no shield)
rNeg    . . .        a - +0 animal skin
rPois   .            (helmet currently unavailable)
rElec   .            (cloak currently unavailable)
rCorr   .            (gloves unavailable)
SInv    .            (boots unavailable)
Will    .....        (no amulet)
Stlth   +            (no ring)
HPRegen 1.08/turn    (no ring)
MPRegen 0.09/turn

%: no passive effects
@: beast-form, weakened
A: beast (slay +3), large, unfitting armour, claws 3, regeneration 1, shaggy fur
1, tough skin 1
a: no special abilities


You were on level 4 of the Dungeon.
You were a hulking beast.
You visited 1 branch of the dungeon, and saw 4 of its levels.

You collected 131 gold pieces.

Inventory:

Missiles
 g - a throwing net
Armour
 a - a +0 animal skin (worn)
 q - a +0 cloak
Talismans
 c - a beast talisman
Scrolls
 d - 3 scrolls of teleportation {unknown}
 e - a scroll of immolation {unknown}
 j - a scroll of noise {unknown}
 k - a scroll of poison {unknown}
 l - a scroll of identify {unknown}
 r - a scroll of amnesia {unknown}
Potions
 b - a potion of lignification
 f - 4 potions of enlightenment {unknown}
 h - a potion of berserk rage {unknown}
 i - a potion of heal wounds {unknown}
 m - a potion of curing {unknown}
 n - a potion of might {unknown}
 o - a potion of haste {unknown}
 p - a potion of resistance {unknown}


   Skills:
 + Level 2.7 Fighting
 - Level 1.5 Dodging
 - Level 2.0 Unarmed Combat
 * Level 4.4 Shapeshifting


You had 4 spell levels left.
You didn't know any spells.
Your spell library contained the following spells:

 Spells                   Type           Power      Damage    Failure   Level
 Sting                    Tmut/Pois      0%         1d3       50%         1
 Poisonous Vapours        Pois/Air       0%         N/A       65%         2
 Olgreb's Toxic Radiance  Pois           0%         N/A       99%         4


Dungeon Overview and Level Annotations

Branches:
Dungeon (4/15)
 Temple: D:4-7

Altars:

Shops:
D:2 ([=


Innate Abilities, Weirdness & Mutations

You are a hulking beast.
Your limbs bulge with bestial killing power. (Slay +3)
You are too large for most types of armour.
You have claws for hands.
Your natural rate of healing is unusually fast.
You are covered in fur. (AC +1)
You have tough skin. (AC +1)


Message History

There are monsters nearby!
A gnoll comes into view. It is wielding a +0 spear.
Found 5 stones.
The gnoll shouts!
The gnoll bouda barely misses you. The gnoll hits you with a +0 club.
The gnoll barely misses you.
You scratch the gnoll bouda.
The gnoll bouda is lightly wounded.
The gnoll bouda gazes fiercely through you!
You feel your attacks grow feeble. The gnoll barely misses you.
The gnoll hits you from afar with a +0 spear.
The gnoll hits you from afar with a +0 heavy spear!
The gnoll attacks as you move away! The gnoll hits you with a +0 club.
The gnoll bouda gazes fiercely through you!
You feel as though you will be weak longer.
You claw the gnoll!
The gnoll is severely wounded.
The gnoll hits you from afar with a +0 spear.
You are too injured to fight recklessly!
You are too injured to fight recklessly!
You claw the gnoll bouda!
The gnoll bouda is almost dead.
The gnoll hits you from afar with a +0 spear.
You completely miss the gnoll bouda.
The gnoll bouda is almost dead.
The gnoll bouda barks out a call to the hunt!
The gnolls pick up the pace!
The gnoll hits you from afar with a +0 spear.
You claw the gnoll bouda!
You kill the gnoll bouda!
The gnoll hits you from afar with a +0 spear!
* * * LOW HITPOINT WARNING * * *
You have reached level 5!
You scratch the gnoll.
The gnoll is almost dead.
The gnoll hits you from afar with a +0 heavy spear.
* * * LOW HITPOINT WARNING * * *
The gnoll hits you with a +0 flail!
You die...

#######
#......### ###
#........ #.#
#..(....## #.#
#.....ggg# #.#
##...###g## #.#
## #.h# ##.#
##.## #..# #..#
#..##
##.#######...###
#..##..>......###
#.......####.....
##...#### ###...
#..### ##... #..#
##...)


You could see 4 gnolls.

Vanquished Creatures
  A hound (D:4)
  A gnoll bouda (D:4)
  2 adders
  3 dart slugs
  8 ball pythons
  4 endoplasms
  A giant cockroach (D:2)
  8 goblins
  2 hobgoblins
  8 kobolds
  3 quokkas
  3 bats
  3 frilled lizards
  5 rats
52 creatures vanquished.

Notes
Turn   | Place    | Note
-------+----------+-------------------------------------------
     0 | D:1      | Nattfarinn the Troll Shapeshifter began the quest for the
                  | Orb.
     0 | D:1      | Reached XP level 1. HP: 19/19 MP: 0/0
   102 | D:1      | Reached XP level 2. HP: 25/28 MP: 1/1
   443 | D:1      | Reached XP level 3. HP: 35/35 MP: 2/2
   955 | D:2      | Found Xissor's Antique Armour Boutique.
  1025 | D:2      | Found Nasoogyumn's Jewellery Shoppe.
  1195 | D:2      | Found Hebir's Antique Weapon Boutique.
  1283 | D:2      | Identified the +6 mace "Ilorec" {flame, rPois rN+ rCorr
                  | Str+3}
  1556 | D:3      | You fall into a shaft and drop 1 floor!
  1656 | D:4      | Reached skill level 4 in Shapeshifting
  1656 | D:4      | Reached XP level 4. HP: 37/44 MP: 3/3
  1916 | D:3      | Identified the +1 ring mail of Bedevilment {Str+2 Int+3}
  2168 | D:4      | Reached XP level 5. HP: 10/50 MP: 4/4
  2168 | D:4      | Slain by a gnoll

Illustrated notes

Levels and vault maps discovered:
D:1:      saegor_arrival_simple_e, layout_loops_ring, corexii_corridor_pit,
          minmay_misc_feat_room
D:2:      layout_loops_ring, serial_shops, shop, shop, shop
D:3:      layout_loops_ring
D:4:      layout_cave_pods, grunt_temple_overflow_open,
          nicolae_overflow_hidden_temple, hangedman_minor_gate_pass,
          uniq_menkaure

Skill      XL: |  1  2  3 |
---------------+----------+-----
Fighting       | 2 |  2.7
Shapeshifting  | 4 |  4.4
Dodging        | |  1.5
Unarmed Combat | |  2.0

Action                     |  1- 3 |  4- 6 || total
---------------------------+-------+-------++-------
  Melee: Unarmed           |    66 |    20 ||    86
   Stab: Sleeping          |     1 |       ||     1
 Armour: Animal skin       |    13 |     4 ||    17
  Dodge: Dodged            |    32 |     7 ||    39

Table legend: (Time is in decaauts)
 A = Elapsed time spent in this place.
 B = Non-inter-level travel time spent in this place.
 C = Inter-level travel time spent in this place.
 D = Time resting spent in this place.
 E = Time spent auto-exploring this place.
 F = Levels seen in this place.
 G = Mean time per level.
                   A        B        C        D        E       F      G
               +--------+--------+--------+--------+--------+-----+--------+
         Total |   2164 |   2085 |     79 |      0 |   1817 |   4 |  541.0 |
       Dungeon |   2164 |   2085 |     79 |      0 |   1817 |   4 |  541.0 |
               +--------+--------+--------+--------+--------+-----+--------+

Top non-repeatable levels by time:
     D:1: 743 daAuts
     D:2: 692 daAuts
     D:3: 555 daAuts
     D:4: 173 daAuts
